PAA
ATHLETIC CLUB KC ACADEMY @ MINNESOTA LOONS
08/08/2054
 
TOP OF THE 1ST
Athletic Club KC Academy batting - Pitching for Minnesota Loons : RHP Joe Thomas
Pitching: RHP Joe Thomas
Batting: SHB Luke Wagner 0-0: Ball
1-0: Ball
2-0: Swinging Strike
2-1: Ball
3-1: Base on Balls
Batting: RHB José Pérez 0-0: Ball
1-0: Called Strike
1-1: Ball
2-1: Fly out, F8 (Line Drive, 8RM, EV 93.1 MPH)
Batting: RHB Marcus Hambley 0-0: Called Strike
Luke Wagner steals 2nd base
0-1: Reached on error, E5 (Groundball, 5D, EV 100.6 MPH)
Luke Wagner to third
Batting: SHB Marcos Ortíz 0-0: Ball
1-0: Ball
Pickoff Throw by Catcher to First - Out!
2-0: Foul Ball, location: 2F
2-1: Ball
3-1: DOUBLE (Flyball, 89XD, EV 102.5 MPH)
Luke Wagner scores
Batting: RHB Aurelio Alejo 0-0: DOUBLE (Line Drive, 78D, EV 105.0 MPH)
Marcos Ortíz scores
Batting: SHB Mathew Nabors 0-0: Ball
1-0: Called Strike
1-1: Fly out, F8 (Flyball, 78S, EV 95.6 MPH)
Top of the 1st over - 2 runs, 2 hits, 1 error, 1 left on base; Athletic Club KC Academy 2 - Minnesota 0
BOTTOM OF THE 1ST
Minnesota Loons batting - Pitching for Athletic Club KC Academy : RHP Richie Lems
Pitching: RHP Richie Lems
Batting: LHB Rodrigo Rodríguez 0-0: Ball
1-0: Foul Ball, location: 2F
1-1: Ball
2-1: Ball
3-1: Foul Ball, location: 2F
3-2: Foul Ball, location: 2F
3-2: Strikes out swinging, 2-3 out at first.
Batting: RHB César García 0-0: Called Strike
0-1: Ball
1-1: Called Strike
1-2: Ball
2-2: Strikes out looking
Batting: LHB Alberto Montés 0-0: Called Strike
0-1: Foul Ball, location: 2F
0-2: Foul Ball, location: 2F
0-2: Fly out, F8 (Line Drive, 8RM, EV 91.9 MPH)
Bottom of the 1st over - 0 runs, 0 hits, 0 errors, 0 left on base; Athletic Club KC Academy 2 - Minnesota 0
TOP OF THE 2ND
Athletic Club KC Academy batting - Pitching for Minnesota Loons : RHP Joe Thomas
Batting: LHB Sam Forbes 0-0: Called Strike
0-1: Ball
1-1: Swinging Strike
1-2: Foul Ball, location: 2F
1-2: Ball
2-2: Foul Ball, location: 2F
2-2: Strikes out swinging
Batting: RHB Jesús Dealejandro 0-0: Fly out, F8 (Line Drive, 8RD, EV 85.6 MPH)
Batting: RHB Pedro Gallegos 0-0: Swinging Strike
0-1: Foul Ball, location: 2F
0-2: Foul Ball, location: 2F
0-2: Foul Ball, location: 2F
0-2: Ball
1-2: Strikes out looking
Top of the 2nd over - 0 runs, 0 hits, 0 errors, 0 left on base; Athletic Club KC Academy 2 - Minnesota 0
BOTTOM OF THE 2ND
Minnesota Loons batting - Pitching for Athletic Club KC Academy : RHP Richie Lems
Batting: RHB Zi-xing Juan 0-0: Ball
1-0: SINGLE (Line Drive, 7S, EV 96.2 MPH)
Batting: RHB Jorge Gavilanes 0-0: Ball
1-0: Ball
2-0: Ball
3-0: Called Strike
3-1: 2-RUN HOME RUN (Flyball, 7LD, EV 92.5 MPH), Distance : 331 ft
Batting: RHB Liang Choi 0-0: Ball
1-0: DOUBLE (Line Drive, 7LS, EV 96.9 MPH)
Batting: RHB Stephan Tietmeyer 0-0: Ball
1-0: Ball
2-0: Ball
3-0: Base on Balls
Batting: RHB Michael Stark 0-0: Swinging Strike
0-1: Called Strike
0-2: Ball
1-2: Ball
2-2: Hit by Pitch
Liang Choi to third
Stephan Tietmeyer to second
Batting: RHB César Núñez 0-0: Swinging Strike
0-1: Ball
1-1: Called Strike
1-2: Strikes out swinging
Batting: LHB Rodrigo Rodríguez 0-0: Foul Ball, location: 2F
0-1: Swinging Strike
0-2: Strikes out looking
Batting: RHB César García 0-0: Swinging Strike
0-1: Swinging Strike
0-2: Strikes out swinging
Bottom of the 2nd over - 2 runs, 3 hits, 0 errors, 3 left on base; Athletic Club KC Academy 2 - Minnesota 2
TOP OF THE 3RD
Athletic Club KC Academy batting - Pitching for Minnesota Loons : RHP Joe Thomas
Batting: SHB Luke Wagner 0-0: Ball
1-0: Ball
2-0: Ball
3-0: Called Strike
3-1: Called Strike
3-2: Strikes out swinging
Batting: RHB José Pérez 0-0: Ball
1-0: Ball
2-0: Swinging Strike
2-1: SINGLE (Groundball, 3D, EV 94.4 MPH)
Batting: RHB Marcus Hambley 0-0: Ball
1-0: Called Strike
1-1: Called Strike
1-2: Foul Ball, location: 2F
1-2: Strikes out swinging
Batting: SHB Marcos Ortíz 0-0: Ground out U3 (Groundball, 3, EV 85.6 MPH)
Top of the 3rd over - 0 runs, 1 hit, 0 errors, 1 left on base; Athletic Club KC Academy 2 - Minnesota 2
BOTTOM OF THE 3RD
Minnesota Loons batting - Pitching for Athletic Club KC Academy : RHP Richie Lems
Batting: LHB Alberto Montés 0-0: Called Strike
0-1: Ball
1-1: Ground out 6-3 (Groundball, 6, EV 75.6 MPH)
Batting: RHB Zi-xing Juan 0-0: Ball
1-0: Swinging Strike
1-1: Ball
2-1: Foul Ball, location: 2F
2-2: Foul Ball, location: 2F
2-2: Foul Ball, location: 2F
2-2: Strikes out swinging
Batting: RHB Jorge Gavilanes 0-0: Ball
1-0: SINGLE (Groundball, 6MD, EV 98.8 MPH)
Batting: RHB Liang Choi 0-0: SINGLE (Line Drive, 78S, EV 104.4 MPH)
Jorge Gavilanes to second
Batting: RHB Stephan Tietmeyer 0-0: Swinging Strike
0-1: Ball
1-1: Ball
2-1: Foul Ball, location: 2F
2-2: Ball
3-2: Base on Balls
Jorge Gavilanes to third
Liang Choi to second
Batting: RHB Michael Stark 0-0: Foul Ball, location: 2F
0-1: Called Strike
0-2: Ball
1-2: Ball
2-2: SINGLE (Groundball, 4D, EV 98.1 MPH)
Jorge Gavilanes scores
Liang Choi to third
Stephan Tietmeyer to second
Runner from 3rd tries for Home, SAFE, throw by CF to home
Batting: RHB César Núñez 0-0: Ball
1-0: Foul Ball, location: 2F
1-1: Called Strike
1-2: Strikes out looking
Bottom of the 3rd over - 2 runs, 3 hits, 0 errors, 2 left on base; Athletic Club KC Academy 2 - Minnesota 4
TOP OF THE 4TH
Athletic Club KC Academy batting - Pitching for Minnesota Loons : RHP Joe Thomas
Batting: RHB Aurelio Alejo 0-0: Ball
1-0: Ground out 4-3 (Groundball, 4, EV 99.4 MPH)
Batting: SHB Mathew Nabors 0-0: Ball
1-0: Ball
2-0: Ball
3-0: Base on Balls
Batting: LHB Sam Forbes 0-0: SINGLE (Line Drive, 34, EV 98.1 MPH)
Mathew Nabors to second
Runner from 2nd tries for 3rd, SAFE, no throw by RF
Batting: RHB Jesús Dealejandro 0-0: Called Strike
0-1: Ball
1-1: Fly out, F9 (Flyball, 9, EV 76.9 MPH)
Runner from 3rd tags up, OUT at HOME! 9-2
Top of the 4th over - 0 runs, 1 hit, 0 errors, 1 left on base; Athletic Club KC Academy 2 - Minnesota 4
BOTTOM OF THE 4TH
Minnesota Loons batting - Pitching for Athletic Club KC Academy : RHP Richie Lems
Batting: LHB Rodrigo Rodríguez 0-0: Ball
1-0: Ball
2-0: Ball
3-0: Called Strike
3-1: Called Strike
3-2: Strikes out swinging
Batting: RHB César García 0-0: Ball
1-0: SINGLE (Line Drive, 7S, EV 99.4 MPH)
Batting: LHB Alberto Montés 0-0: Swinging Strike
0-1: Called Strike
0-2: Strikes out looking
Batting: RHB Zi-xing Juan 0-0: Called Strike
0-1: Called Strike
César García steals 2nd base
0-2: Strikes out swinging
Bottom of the 4th over - 0 runs, 1 hit, 0 errors, 1 left on base; Athletic Club KC Academy 2 - Minnesota 4
TOP OF THE 5TH
Athletic Club KC Academy batting - Pitching for Minnesota Loons : RHP Joe Thomas
Batting: RHB Pedro Gallegos 0-0: Foul Ball, location: 2F
0-1: Swinging Strike
0-2: Ball
1-2: Ball
2-2: Strikes out swinging
Batting: SHB Luke Wagner 0-0: Foul Ball, location: 2F
0-1: Fly out, F8 (Flyball, 8LD, EV 80.0 MPH)
Batting: RHB José Pérez 0-0: Ball
1-0: Ball
2-0: Fly out, F9 (Line Drive, 9S, EV 89.4 MPH)
Top of the 5th over - 0 runs, 0 hits, 0 errors, 0 left on base; Athletic Club KC Academy 2 - Minnesota 4
BOTTOM OF THE 5TH
Minnesota Loons batting - Pitching for Athletic Club KC Academy : RHP Richie Lems
Batting: RHB Jorge Gavilanes 0-0: Ball
1-0: Ball
2-0: Ball
3-0: Swinging Strike
3-1: SINGLE (Groundball, 56D, EV 104.4 MPH)
Batting: RHB Liang Choi 0-0: Sac Bunt to 23 - play at first, batter OUT! 3-4
Jorge Gavilanes to second
Batting: RHB Stephan Tietmeyer 0-0: Foul Ball, location: 2F
0-1: Fly out, F8 (Flyball, 89M, EV 95.0 MPH)
Batting: RHB Michael Stark 0-0: Called Strike
0-1: Called Strike
0-2: Strikes out looking
Bottom of the 5th over - 0 runs, 1 hit, 0 errors, 1 left on base; Athletic Club KC Academy 2 - Minnesota 4
TOP OF THE 6TH
Athletic Club KC Academy batting - Pitching for Minnesota Loons : RHP Joe Thomas
Batting: RHB Marcus Hambley 0-0: Ball
1-0: Ball
2-0: Ball
3-0: Fly out, F7 (Line Drive, 7LM, EV 95.6 MPH)
Batting: SHB Marcos Ortíz 0-0: Ball
1-0: Ball
2-0: Ground out 4-3 (Groundball, 4S, EV 65.6 MPH)
Batting: RHB Aurelio Alejo 0-0: Fly out, F8 (Flyball, 8RM, EV 93.1 MPH)
Top of the 6th over - 0 runs, 0 hits, 0 errors, 0 left on base; Athletic Club KC Academy 2 - Minnesota 4
BOTTOM OF THE 6TH
Minnesota Loons batting - Pitching for Athletic Club KC Academy : RHP Richie Lems
Batting: RHB César Núñez 0-0: Called Strike
0-1: Foul Ball, location: 2F
0-2: Strikes out swinging
Batting: LHB Rodrigo Rodríguez 0-0: Swinging Strike
0-1: Ball
1-1: Foul Ball, location: 2F
1-2: Strikes out swinging
Batting: RHB César García 0-0: Foul Ball, location: 2F
0-1: Called Strike
0-2: Foul Ball, location: 2F
0-2: Fly out, F9 (Flyball, 9, EV 85.0 MPH)
Bottom of the 6th over - 0 runs, 0 hits, 0 errors, 0 left on base; Athletic Club KC Academy 2 - Minnesota 4
TOP OF THE 7TH
Athletic Club KC Academy batting - Pitching for Minnesota Loons : RHP Joe Thomas
Batting: SHB Mathew Nabors 0-0: Called Strike
0-1: Called Strike
0-2: Ball
1-2: Fly out, F8 (Line Drive, 8RD, EV 92.5 MPH)
Batting: LHB Sam Forbes 0-0: Foul Ball, location: 2F
0-1: Ball
1-1: Ball
2-1: Fly out, F6 (Popup, 6M, EV 74.4 MPH)
Batting: RHB Jesús Dealejandro 0-0: Ball
1-0: DOUBLE (Line Drive, 9LM, EV 104.4 MPH)
Batting: RHB Pedro Gallegos 0-0: Swinging Strike
0-1: Ball
1-1: Ball
2-1: Swinging Strike
2-2: Ball
3-2: Strikes out swinging
Top of the 7th over - 0 runs, 1 hit, 0 errors, 1 left on base; Athletic Club KC Academy 2 - Minnesota 4
BOTTOM OF THE 7TH
Minnesota Loons batting - Pitching for Athletic Club KC Academy : RHP Richie Lems
Pitching: LHP Jorge Cuespo
Batting: LHB Alberto Montés 0-0: Ball
1-0: Fly out, F9 (Line Drive, 89M, EV 91.2 MPH)
Batting: RHB Zi-xing Juan 0-0: Swinging Strike
0-1: Foul Ball, location: 2F
0-2: Ball
1-2: Foul Ball, location: 2F
1-2: Foul Ball, location: 2F
1-2: SOLO HOME RUN (Flyball, 7D, EV 96.2 MPH), Distance : 362 ft
Batting: RHB Jorge Gavilanes 0-0: Swinging Strike
0-1: Ball
1-1: Foul Ball, location: 2F
1-2: Ball
2-2: SINGLE (Groundball, 5S, EV 71.2 MPH) (infield hit)
Batting: RHB Liang Choi 0-0: Ball
1-0: Fly out, F7 (Line Drive, 78S, EV 92.5 MPH)
Batting: RHB Stephan Tietmeyer 0-0: Called Strike
0-1: Swinging Strike
0-2: Ball
1-2: Ball
2-2: Ball
3-2: Strikes out swinging
Bottom of the 7th over - 1 run, 2 hits, 0 errors, 1 left on base; Athletic Club KC Academy 2 - Minnesota 5
TOP OF THE 8TH
Athletic Club KC Academy batting - Pitching for Minnesota Loons : RHP Joe Thomas
Batting: SHB Luke Wagner 0-0: Ball
1-0: Foul Ball, location: 2F
1-1: Called Strike
1-2: Fly out, F6 (Popup, 6S, EV 63.8 MPH)
Pitching: RHP Waweru Kamili
Batting: RHB José Pérez 0-0: Ball
1-0: Fly out, F7 (Flyball, 7S, EV 79.4 MPH)
Batting: RHB Marcus Hambley 0-0: Ball
1-0: Ground out 6-3 (Groundball, 6, EV 108.1 MPH)
Top of the 8th over - 0 runs, 0 hits, 0 errors, 0 left on base; Athletic Club KC Academy 2 - Minnesota 5
BOTTOM OF THE 8TH
Minnesota Loons batting - Pitching for Athletic Club KC Academy : LHP Jorge Cuespo
Batting: RHB Michael Stark 0-0: Called Strike
0-1: Ball
1-1: SINGLE (Groundball, 5S, EV 68.8 MPH) (infield hit)
Batting: RHB César Núñez 0-0: Foul Ball, location: 2F
0-1: Ball
1-1: Foul Ball, location: 2F
1-2: Ball
2-2: Grounds into double play, 5-4-3 (Groundball, 56, EV 80.6 MPH)
Batting: LHB Rodrigo Rodríguez 0-0: Ball
1-0: Ball
2-0: Called Strike
2-1: Ball
3-1: Base on Balls
Batting: RHB César García 0-0: Swinging Strike
0-1: Ball
1-1: Swinging Strike
1-2: Strikes out looking
Bottom of the 8th over - 0 runs, 1 hit, 0 errors, 1 left on base; Athletic Club KC Academy 2 - Minnesota 5
TOP OF THE 9TH
Athletic Club KC Academy batting - Pitching for Minnesota Loons : RHP Waweru Kamili
Batting: SHB Marcos Ortíz 0-0: Called Strike
0-1: Fly out, F9 (Line Drive, 9S, EV 86.9 MPH)
Pinch Hitting: SHB Ernesto Hernández 0-0: Ball
1-0: Ground out 5-3 (Groundball, 5, EV 87.5 MPH)
Batting: SHB Mathew Nabors 0-0: Ball
1-0: Foul Ball, location: 2F
1-1: Foul Ball, location: 2F
1-2: Ball
2-2: Strikes out swinging
Top of the 9th over - 0 runs, 0 hits, 0 errors, 0 left on base; Athletic Club KC Academy 2 - Minnesota 5
Monday, April 1st , 2024 - OOTP Baseball 23.10 Build 110